Map: Ascension to Aiur LE

Players

Gerald

  • Race: Protoss Protoss
  • Spawn Location: 11:00

Harstem - Winner!

  • Race: Protoss Protoss
  • Spawn Location: 5:00

Event: WCS Valencia 2017

VOD

Have the link to the VOD?

Description

Time

  • Played on: July 13, 2017, 9:34 a.m.
  • Length: 14:11

All games in this series

Show
View Real Time Build Order
Export as new Build Order

Gerald Protoss 

Build Orders:  

Get SALT Encoding   

  12  0:00  Probe (Chrono Boost)  
  13  0:11  Probe (Chrono Boost)  
  14  0:18  Pylon  
  14  0:22  Probe (Chrono Boost)  
  15  0:36  Probe (Chrono Boost)  
  15  0:37  Gateway  
  15  0:42  Assimilator  
  16  0:47  Probe (Chrono Boost)  
  17  0:57  Probe (Chrono Boost)  
  17  0:59  Gateway  
  18  1:08  Probe (Chrono Boost)  
  18  1:09  Assimilator  
  19  1:18  Probe (Chrono Boost)  
  19  1:24  Cybernetics Core  
  20  1:29  Probe (Chrono Boost)  
  22  1:40  Probe (Chrono Boost), Pylon  
  22  1:50  Probe (Chrono Boost)  
  24  2:04  Mothership Core (Chrono Boost)  
  24  2:05  Adept x2  
  24  2:06  Warp Gate (Chrono Boost)  
  29  2:11  Pylon  
  29  2:22  Probe  
  30  2:35  Probe  
  31  2:37  Stalker x2  
  35  2:51  Probe  
  35  3:02  Nexus  
  35  3:05  Probe  
  36  3:17  Probe  
  37  3:22  Pylon  
  37  3:26  Twilight Council  
  37  3:29  Probe  
  38  3:40  Sentry  
  40  3:41  Probe  
  40  3:46  Robotics Facility  
  41  3:53  Probe  
  40  4:05  Probe (Chrono Boost)  
  41  4:15  Probe (Chrono Boost)  
  41  4:16  Probe (Chrono Boost)  
  43  4:22  Assimilator  
  43  4:23  Blink (Chrono Boost)  
  41  4:24  Probe  
  41  4:27  Probe  
  43  4:34  Observer  
  43  4:35  Probe  
  43  4:36  Stalker x2  
  49  4:40  Probe  
  49  4:41  Pylon  
  50  4:45  Probe  
  50  4:52  Probe  
  52  4:53  Assimilator  
  52  4:56  Probe  
  53  5:01  Immortal (Chrono Boost)  
  53  5:04  Probe  
  53  5:05  Gateway  
  53  5:06  Probe  
  58  5:10  Gateway  
  59  5:14  Sentry  
  59  5:16  Probe  
  59  5:19  Pylon  
  59  5:20  Sentry  
  65  5:21  Probe  
  65  5:26  Gateway  
  66  5:28  Probe  
  66  5:32  Probe  
  67  5:40  Probe  
  68  5:45  Dark Shrine  
  68  5:46  Probe  
  69  5:55  Nexus  
  69  5:58  Pylon, Probe  
  69  6:02  Probe  
  71  6:10  Immortal (Chrono Boost)  
  75  6:13  Stalker  
  75  6:17  Pylon  
  77  6:19  Pylon  
  77  6:20  Stalker  
  79  6:26  Stalker  
  79  6:28  Probe  
  79  6:30  Probe  
  83  6:40  Probe  
  83  6:44  Warp Prism (Chrono Boost)  
  80  6:52  Stalker x4  
  88  7:00  Forge  
  88  7:04  Probe  
  88  7:05  Probe  
  88  7:07  Robotics Bay  
  90  7:19  Probe x2  
  90  7:20  Probe  
  93  7:25  Immortal (Chrono Boost)  
  93  7:29  Probe  
  97  7:30  Probe  
  97  7:33  Probe  
  97  7:34  Stalker x3  
  106  7:38  Pylon  
  106  7:39  Protoss Ground Weapons Level 1  
  106  7:40  Probe  
  107  7:48  Dark Templar x2  
  107  7:50  Probe  
  112  7:53  Probe  
  112  7:56  Assimilator  
  112  7:57  Assimilator  
  113  7:59  Dark Templar x2  
  118  8:05  Probe  
  118  8:06  Disruptor (Chrono Boost)  
  121  8:14  Probe  
  121  8:15  Probe, Stalker  
  109  8:37  Probe, Disruptor (Chrono Boost)  
  109  8:38  Stalker x5  
  121  8:45  Probe  
  122  8:50  Photon Cannon, Gateway  
  122  8:52  Gateway  
  122  8:53  Photon Cannon  
  122  8:54  Photon Cannon  
  122  8:55  Probe, Gateway, Pylon  
  123  9:00  Pylon, Probe  
  124  9:08  Disruptor (Chrono Boost)  
  125  9:14  Stalker x3  
  131  9:18  Robotics Facility  
  131  9:26  Probe  
  131  9:28  Pylon  
  131  9:29  Probe  
  133  9:35  Protoss Ground Weapons Level 2 (Chrono Boost)  
  131  9:39  Disruptor (Chrono Boost)  
  134  9:49  Stargate  
  134  9:51  Nexus  
  134  9:53  Pylon  
  134  9:59  Pylon, Dark Templar  
  136  10:00  Dark Templar  
  136  10:03  Stalker  
  136  10:05  Probe  
  141  10:10  Disruptor (Chrono Boost)  
  147  10:24  Zealot x4, Disruptor (Chrono Boost)  
  147  10:28  Photon Cannon, Probe  
  146  10:41  Disruptor (Chrono Boost)  
  143  10:44  Zealot x6  
  128  11:00  Disruptor (Chrono Boost)  
  112  11:05  Stalker x7  
  112  11:08  Archon  
  115  11:13  Disruptor (Chrono Boost)  
  105  11:21  Dark Templar  
  105  11:32  Disruptor (Chrono Boost)  
  108  11:33  Probe  
  109  11:41  Stalker x3  
  109  11:43  Disruptor (Chrono Boost)  
  117  11:58  Stalker x5  
  127  12:06  Disruptor, Nexus  
  121  12:16  Zealot x2  
  121  12:17  Zealot  
  113  12:33  Stalker x2  
  113  12:34  Stalker x3  
  115  12:38  Stalker  
  115  12:39  Stalker x2  
  115  12:42  Disruptor  
  124  12:56  Disruptor  
  119  13:07  Stalker x3  
  121  13:18  Disruptor  
  124  13:23  Stalker  
  124  13:24  Stalker x3  
  113  13:37  Stalker  
  113  13:38  Stalker  
  95  13:45  Stalker x2  
  83  14:06  Zealot x2  
  83  14:07  Zealot x4  
Show
View Real Time Build Order
Export as new Build Order

Harstem Protoss - Winner!

Build Orders: Phoenix Opening 

Get SALT Encoding   

  12  0:01  Probe (Chrono Boost)  
  13  0:11  Probe (Chrono Boost)  
  14  0:17  Pylon  
  14  0:22  Probe (Chrono Boost)  
  16  0:35  Probe (Chrono Boost)  
  16  0:36  Gateway  
  16  0:46  Probe (Chrono Boost)  
  16  0:47  Assimilator  
  17  0:51  Assimilator  
  17  0:56  Probe (Chrono Boost)  
  18  1:04  Gateway  
  18  1:07  Probe (Chrono Boost)  
  19  1:18  Probe (Chrono Boost)  
  20  1:23  Cybernetics Core  
  20  1:28  Probe (Chrono Boost)  
  21  1:37  Pylon  
  21  1:39  Probe (Chrono Boost)  
  22  1:49  Probe (Chrono Boost)  
  23  2:00  Stalker  
  23  2:01  Warp Gate (Chrono Boost)  
  25  2:02  Mothership Core  
  27  2:12  Stalker  
  29  2:18  Pylon  
  29  2:31  Sentry  
  31  2:50  Nexus  
  31  2:59  Stalker  
  31  3:00  Probe  
  34  3:08  Stalker  
  36  3:22  Pylon  
  36  3:23  Probe  
  37  3:34  Robotics Facility  
  37  3:40  Probe (Chrono Boost)  
  38  3:50  Twilight Council  
  38  3:51  Probe (Chrono Boost), Sentry  
  41  3:56  Phoenix  
  41  4:01  Probe (Chrono Boost)  
  42  4:06  Probe (Chrono Boost)  
  43  4:12  Probe (Chrono Boost)  
  43  4:15  Probe (Chrono Boost)  
  45  4:23  Probe (Chrono Boost)  
  47  4:24  Observer (Chrono Boost)  
  47  4:26  Probe (Chrono Boost), Blink (Chrono Boost)  
  47  4:27  Forge  
  48  4:34  Probe (Chrono Boost)  
  48  4:38  Probe (Chrono Boost)  
  50  4:41  Pylon, Phoenix  
  50  4:45  Probe (Chrono Boost)  
  51  4:47  Probe (Chrono Boost)  
  51  4:52  Immortal (Chrono Boost)  
  56  4:55  Probe  
  56  4:57  Probe, Protoss Ground Weapons Level 1 (Chrono Boost)  
  58  5:06  Assimilator  
  58  5:07  Probe x2  
  60  5:15  Gateway  
  60  5:17  Gateway  
  60  5:20  Probe x2  
  61  5:25  Pylon  
  61  5:26  Assimilator  
  63  5:28  Observer (Chrono Boost)  
  63  5:32  Probe  
  63  5:34  Pylon  
  64  5:39  Probe  
  65  5:46  Sentry  
  65  5:47  Immortal (Chrono Boost)  
  65  5:49  Pylon  
  71  6:01  Gateway  
  71  6:03  Gateway  
  71  6:09  Stalker  
  71  6:11  Probe x2  
  75  6:13  Stalker x2  
  79  6:19  Pylon  
  80  6:29  Nexus  
  79  6:36  Probe x2  
  81  6:48  Probe, Immortal  
  81  6:52  Probe  
  87  7:00  Probe  
  88  7:03  Phoenix  
  88  7:04  Probe, Stalker x2  
  88  7:07  Photon Cannon  
  93  7:11  Stalker  
  96  7:18  Stalker x2  
  96  7:21  Probe  
  96  7:22  Pylon  
  98  7:29  Probe  
  99  7:35  Immortal, Robotics Bay  
  99  7:42  Stalker  
  105  7:44  Probe  
  105  7:45  Sentry  
  105  7:46  Pylon  
  105  7:47  Probe  
  105  7:48  Probe  
  105  7:50  Stalker  
  112  7:55  Protoss Ground Weapons Level 2 (Chrono Boost)  
  112  7:57  Probe x2  
  113  8:02  Probe  
  113  8:03  Pylon  
  115  8:08  Probe  
  115  8:09  Probe  
  115  8:11  Charge (Chrono Boost)  
  115  8:12  Zealot  
  119  8:14  Probe  
  119  8:15  Pylon  
  120  8:23  Pylon  
  120  8:27  Pylon  
  120  8:29  Probe  
  120  8:32  Stalker x3  
  121  8:34  Stalker x2  
  121  8:40  Probe  
  127  8:42  Assimilator  
  127  8:43  Disruptor  
  127  8:46  Photon Cannon, Assimilator  
  129  8:51  Photon Cannon  
  129  8:56  Probe  
  129  8:59  Pylon  
  129  9:01  Stalker  
  131  9:03  Robotics Facility  
  131  9:06  Stalker  
  133  9:15  Probe  
  133  9:16  Probe  
  135  9:19  Disruptor  
  138  9:32  Probe  
  138  9:33  Zealot x3  
  138  9:34  Pylon, Nexus  
  143  9:42  Zealot x2, Stalker  
  149  9:51  Disruptor (Chrono Boost)  
  152  9:58  Probe  
  156  10:00  Photon Cannon  
  156  10:02  Pylon, Disruptor (Chrono Boost)  
  156  10:06  Pylon  
  156  10:09  Stalker  
  156  10:10  Zealot x3  
  164  10:15  Protoss Ground Weapons Level 3  
  150  10:36  Zealot x6  
  150  10:41  Disruptor (Chrono Boost)  
  159  10:46  Disruptor (Chrono Boost)  
  143  11:00  Zealot x5  
  143  11:01  Zealot  
  136  11:11  Disruptor (Chrono Boost)  
  132  11:19  Probe  
  132  11:23  Stalker x3  
  132  11:24  Stalker x3  
  141  11:29  Photon Cannon, Probe (Chrono Boost)  
  140  11:35  Disruptor (Chrono Boost)  
  140  11:39  Probe (Chrono Boost)  
  144  11:40  Probe x2 (Chrono Boost)  
  144  11:44  Probe (Chrono Boost)  
  147  11:48  Stalker x6  
  159  11:58  Probe (Chrono Boost)  
  160  12:02  Stargate  
  146  12:16  Stalker x6  
  130  12:37  Disruptor  
  130  12:39  Stalker x6  
  130  12:42  Disruptor  
  146  12:54  Probe (Chrono Boost)  
  146  12:55  Gateway  
  146  12:57  Pylon  
  143  13:02  Gateway  
  143  13:05  Pylon  
  138  13:08  Disruptor  
  138  13:09  Oracle (Chrono Boost)  
  138  13:10  Zealot x6  
  154  13:21  Probe  
  154  13:25  Dark Shrine  
  155  13:28  Gateway  
  155  13:31  Gateway  
  149  13:37  Zealot x6  
  157  13:46  Probe  
  159  13:50  Assimilator  
  159  13:52  Assimilator  
  159  13:58  Stalker x3  
  159  14:02  Nexus  
Tags
 
Add a new tag
Caveats
  • Supply blocks, unpowered buildings, or Contaminate may cause inaccurate times.
  • Supply counts are checked every 10 seconds.